[Event "*** SCC Grand Prix: Titled Tuesday Blitz"]
[Site "Chess.com"]
[Date "2020.08.25"]
[Round "9"]
[White "katchesskat"]
[Black "Sophist4Life"]
[Result "0-1"]
[WhiteElo "2276"]
[BlackElo "2450"]
[TimeControl "180+1"]
[EndTime "11:48:25 PDT"]
[Termination "Sophist4Life won on time"]

1. c4 c6 2. Nf3 d5 3. e3 Nf6 4. b3 Bg4 5. Bb2 e6 6. Qc2 Nbd7 7. d3 Bxf3 8. gxf3 g6 9. Be2 Bg7 10.
Nd2 O-O 11. h4 h5 12. f4 b5 13. Rg1 bxc4 14. bxc4 Qe7 15. Bc3 e5 16. fxe5 Nxe5 17. Nf3 Nfd7 18. Ng5 dxc4 19. dxc4 Nc5 20. Rd1 Rad8 21.
Bxh5 Rxd1+ 22. Bxd1 Ned3+ 23. Kf1 Bxc3 24. Qxc3 Rb8 25. Bc2 Ne5 26. h5 f6 27. Nh3 g5 28.
Nf4 Rd8 29. Ng6 Nxg6 30. hxg6 Kg7 31. Rxg5 Rh8 32. Rg1 Rh4 33. Bf5 Qe5 34. Qxe5 fxe5 35.
Ke2 Rxc4 36. Rh1 Ra4 37. Rh7+ Kg8 38. Bb1 e4 39. Rc7 Ra6 40. f3 Rb6 41. Bc2 Rb2 42. Kd1 exf3 43. Rxc6 f2 44. Rf6 Rxa2 45. Rxf2 a6 46.
Rf5 Ra5 47. Rd5 Kg7 48. Ke2 Rb5 49. Kf3 Ne6 50. Bf5 Rxd5 51. Bxe6 Rd6 52. Bf7 a5 53. Ke4 Kf6 54. Bc4 a4 55. Kf4 Rd2 0-1

[Event "*** SCC Grand Prix: Titled Tuesday Blitz"]
[Site "Chess.com"]
[Date "2020.08.25"]
[Round "9"]
[White "pastouche06"]
[Black "GregShahade"]
[Result "1/2-1/2"]
[WhiteElo "2512"]
[BlackElo "2662"]
[TimeControl "180+1"]
[EndTime "11:48:26 PDT"]
[Termination "Game drawn - insufficient material"]

1. d4 Nf6 2. c4 g6 3. f3 Nc6 4. d5 Ne5 5. e4 d6 6. f4 Ned7 7. Nc3 Bg7 8. Nh3 O-O 9. Be2 Nb6 10. Nf2 e6 11. O-O exd5 12. cxd5 c6 13. dxc6 bxc6 14. Be3 Re8 15. Qd2 Be6 16. b3 d5 17. e5 Nfd7 18. Na4 Nxa4 19. bxa4 f6 20. exf6 Qxf6 21. Rac1 d4 22. Ne4 Qf5 23. Bxd4 Qxe4 24. Bxg7 Kxg7 25. Bf3 Qf5 26. Bxc6 Rad8 27. Qd4+ Qf6 28. Qxa7 Re7 29. Qc7 Qd4+ 30. Kh1 Qb6 31. Qd6 Rde8 32. Rcd1 Qb8 33. Qd4+ Kg8 34. Rfe1 Rd8 35. Rxe6 Rxe6 36. Bd5 Nf8 37.
Bxe6+ Nxe6 38. Qg1 Rxd1 39. Qxd1 Qxf4 40. a5 Qd4 41. Qxd4 Nxd4 42. a6 Nc6 43. g4 Kf7 44.
Kg2 Ke6 45. Kf3 Ke5 46. Ke3 g5 47. Kd3 Nb4+ 48. Kc4 Nxa6 49. Kb5 Nc7+ 50. Kc6 Ne6 51. a4 Nd4+ 52. Kc5 Ke4 53. Kc4 Nc6 54. Kc5 Nd4 55. Kc4 Ke5 56. a5 Ne6 57. a6 Kd6 58. a7 Nc7 59.
Kd4 Nb5+ 60. Ke4 Nxa7 61. Kf5 h6 62. Kg6 Ke6 63. Kxh6 Kf6 64. Kh5 Nc6 65. h4 Ne5 66. hxg5+ Kg7 67. g6 Nxg6 68. g5 Ne5 69. Kh4 Kg6 70.
Kg3 Kxg5 1/2-1/2

[Event "*** SCC Grand Prix: Titled Tuesday Blitz"]
[Site "Chess.com"]
[Date "2020.08.25"]
[Round "9"]
[White "hansen"]
[Black "frederiksvane"]
[Result "1-0"]
[WhiteElo "2952"]
[BlackElo "2664"]
[TimeControl "180+1"]
[EndTime "11:48:31 PDT"]
[Termination "hansen won by checkmate"]

1. e4 c5 2. Nf3 g6 3. Nc3 Bg7 4.
d4 cxd4 5. Nxd4 Nc6 6. Be3 Nf6 7.
Bc4 O-O 8. Bb3 Re8 9. O-O d6 10. h3 Na5 11. Qd2 a6 12. Bh6 Bh8 13.
Rae1 b5 14. Nd5 Nxb3 15. axb3 Nxd5 16. exd5 Bb7 17. c4 bxc4 18. bxc4 Qb6 19. Be3 Qc7 20. Rc1 Rac8 21. Nf3 Qd7 22. Bd4 Bxd4 23. Nxd4 e5 24. dxe6 fxe6 25. Rfd1 Qf7 26. Qe3 e5 27. Ne2 Re6 28. b3 Rf6 29. Rd2 d5 30. Rcd1 d4 31.
Qxe5 Rxf2 32. Nxd4 Rxd2 33. Rxd2 Re8 34. Qg3 Qf6 35.
Qf2 Qg5 36. Kh2 Qe5+ 37. Kg1 Qg5 38. Re2 Rxe2 39. Qxe2 Qc1+ 40. Qf1 Qe3+ 41. Qf2 Qe4 42. c5 Bd5 43. Qd2 Kg7 44. b4 Kg8 45. Kh2 Qe5+ 46. Kg1 Qe4 47. Nf3 Qb1+ 48. Kf2 Bxf3 49. Kxf3 Qf5+ 50.
Qf4 Qd3+ 51. Kf2 Qc2+ 52. Kg1 Qb1+ 53. Kh2 Qc2 54. Qd6 Kg7 55. Qxa6 Qe4 56. Qa7+ Kh6 57.
Qc7 Qf5 58. Qd6 Qe4 59. c6 Qc4 60. c7 Qc1 61. Qf8+ Kh5 62. c8=Q Qf4+ 63. Qxf4 g5 64. Qcg4+ Kg6 65. Qd6+ Kg7 66. Qgd7+ Kh8 67. Qb8# 1-0

[Event "*** SCC Grand Prix: Titled Tuesday Blitz"]
[Site "Chess.com"]
[Date "2020.08.25"]
[Round "9"]
[White "romulocardoso"]
[Black "Djager97"]
[Result "0-1"]
[WhiteElo "2047"]
[BlackElo "2443"]
[TimeControl "180+1"]
[EndTime "11:48:38 PDT"]
[Termination "Djager97 won by checkmate"]

1. e4 c5 2. Nf3 g6 3. d4 cxd4 4. Nxd4 Bg7 5. Nc3 Nc6 6. Be3 Nf6 7. f3 O-O 8. Qd2 Re8 9. O-O-O e6 10. Kb1 d5 11. exd5 Nxd5 12. Nxd5 exd5 13. Nb3 d4 14. Bh6 Bf6 15. Bc4 Be6 16. Bxe6 Rxe6 17. Rhe1 Rxe1 18. Rxe1 Qd5 19. c3 Qf5+ 20. Qc2 d3 21. Qd2 Ne5 22. Nd4 Nc4 23. Nxf5 Nxd2+ 24. Bxd2 gxf5 25. Re3 Rd8 26. Kc1 Kg7 27. Re1 b5 28. Be3 a5 29.
Kd2 b4 30. Bb6 bxc3+ 31. bxc3 Bg5+ 32. Be3 Bf6 33. Bb6 Rb8 34. Bxa5 Rb2+ 35. Kxd3 Rxa2 36. Bb6 Rxg2 37. Rg1 Rxg1 38. Bxg1 Kf8 39. Bd4 Bg5 40. Be3 Bf6 41. f4 Ke7 42. Bd4 Bh4 43. Ke2 Kd6 44.
Kf3 Kd5 45. Ke3 Kc4 46. Kf3 Be1 47. Kg2 Bxc3 48. Bf2 Kd3 49. Kf3 Bd4 50. Bg3 h5 51. Bh4 Kd2 52. Bg5 Ke1 53. Kg3 Ke2 54. Kh4 Kf3 55. Kxh5 Be3 56. Bf6 Bxf4 57. h4 Kg3 58. Bg5 Bxg5 59. Kxg5 f4 60. h5 f3 61. h6 f2 62. h7 f1=Q 63. h8=Q Qf4+ 64. Kh5 Qh4# 0-1

[Event "*** SCC Grand Prix: Titled Tuesday Blitz"]
[Site "Chess.com"]
[Date "2020.08.25"]
[Round "9"]
[White "Miss_JJ20"]
[Black "Brave_spirit12"]
[Result "1-0"]
[WhiteElo "2439"]
[BlackElo "2530"]
[TimeControl "180+1"]
[EndTime "11:48:39 PDT"]
[Termination "Miss_JJ20 won by checkmate"]

1. d4 Nf6 2. c4 e6 3. g3 d5 4. Nf3 c6 5. Bg2 Be7 6. O-O O-O 7. Nfd2 Nbd7 8. Nc3 Re8 9. e4 dxe4 10. Ndxe4 Nxe4 11. Nxe4 Nf6 12. Be3 Nxe4 13. Bxe4 Bf6 14. Qd2 e5 15. d5 Bh3 16. Rfd1 cxd5 17. Bxd5 e4 18. Bxb7 Qxd2 19. Rxd2 Rab8 20. Bd5 Bxb2 21. Rb1 Bc3 22.
Rdd1 a5 23. Bxe4 Bb4 24. Bd5 h6 25. c5 Bg4 26. Rdc1 Rbd8 27. Bg2 Bf5 28. Rb3 Be6 29. c6 Bxb3 30. axb3 Bd6 31. c7 Rc8 32. Bb6 Ba3 33. Rd1 Bb2 34. Bb7 Rxc7 35. Bxc7 Kh7 36. Bxa5 Rb8 37. Bd5 Rb5 38. Bc7 Rc5 39. Bf4 g5 40.
Be3 Rb5 41. Bxf7 Kg7 42. Bc4 Rb4 43. Bd4+ Bxd4 44. Rxd4 Rb8 45. Rd7+ Kg6 46. Kg2 h5 47. h4 gxh4 48. gxh4 Kf5 49. Rd5+ Kg4 50. Be2+ Kf4 51. Bc4 Kg4 52. Rd4+ Kf5 53. Kf3 Ke5 54. Rd5+ Ke6 55. Rxh5+ Kf6 56. Rd5 Rf8 57. Ke3 Kg6 58. b4 Re8+ 59.
Kd4 Re1 60. b5 Rd1+ 61. Bd3+ Kf6 62. b6 Rd2 63. b7 Rb2 64. Rb5 Rd2 65. b8=Q Ke6 66.
Qe5+ Kd7 67. Rb7+ Kd8 68. Qe7+ Kc8 69. Qd7# 1-0

[Event "*** SCC Grand Prix: Titled Tuesday Blitz"]
[Site "Chess.com"]
[Date "2020.08.25"]
[Round "9"]
[White "WiktoriaPOL"]
[Black "Roza_Idrisova"]
[Result "0-1"]
[WhiteElo "1918"]
[BlackElo "2196"]
[TimeControl "180+1"]
[EndTime "11:48:39 PDT"]
[Termination "Roza_Idrisova won on time"]

1. c4 c6 2. Nf3 d5 3. e3 Nf6 4. Nc3 a6 5. b3 Bf5 6. Bb2 e6 7. Be2 Be7 8. O-O O-O 9. Rc1 h6 10. d4 Nbd7 11. c5 Ne4 12. a3 Bf6 13. b4 Qe7 14. a4 e5 15. b5 axb5 16. axb5 Nxc3 17.
Bxc3 Rfe8 18. b6 exd4 19. Nxd4 Bg6 20. Nb3 Bxc3 21. Rxc3 Ra3 22. Qc1 Rea8 23. Nd4 Rxc3 24. Qxc3 Qxc5 25. Qxc5 Nxc5 26. h4 Ra2 27. h5 Bh7 28.
Bg4 Kf8 29. Bc8 Ra8 30. Bh3 Ke7 31. Rc1 Kd6 32. Bf5 g6 33. hxg6 fxg6 34. Bg4 Bg8 35. f4 Ra6 36. f5 gxf5 37. Nxf5+ Ke5 38. Rxc5 Rxb6 39. Rc2 Be6 40. Nxh6 Bxg4 41. Nxg4+ Ke4 42. Kf2 Kd3 43. Rc1 Rb2+ 44. Kf3 Kd2 45. Rf1 c5 46. Ne5 c4 47. Rf2+ Kc3 48. Rxb2 Kxb2 49. g4 Kc3 50. g5 d4 51. g6 d3 52. g7 d2 53. g8=Q d1=Q+ 54. Ke4 Qh1+ 55. Nf3 Qb1+ 56. Kf4 Qd3 57. Qg7+ Kc2 58. Qxb7 Qd6+ 59. Ne5 c3 60. Qe4+ Kc1 61. Qh1+ Kb2 62. Qg2+ c2 63. Ke4 Qb4+ 64. Kf3 Qb7+ 0-1

[Event "*** SCC Grand Prix: Titled Tuesday Blitz"]
[Site "Chess.com"]
[Date "2020.08.25"]
[Round "9"]
[White "KyrgyzFighter"]
[Black "WinstonSilvakov"]
[Result "0-1"]
[WhiteElo "2295"]
[BlackElo "2143"]
[TimeControl "180+1"]
[EndTime "11:48:40 PDT"]
[Termination "WinstonSilvakov won by checkmate"]

1. c4 Nf6 2. Nc3 c5 3. d3 Nc6 4. g3 d6 5. Bg2 h5 6. h4 a6 7.
Nh3 Qc7 8. Nf4 e6 9. O-O Be7 10. a3 b6 11. Rb1 Bb7 12. b4 Ne5 13. e4 Nc6 14. bxc5 dxc5 15. Qb3 Nd7 16. Be3 g5 17. hxg5 Bxg5 18. Nxe6 fxe6 19. Bxg5 Nd4 20. Qd1 Ne5 21.
Bf6 Rh6 22. Bxe5 Qxe5 23. Rxb6 O-O-O 24. Qb1 Qc7 25. Na4 h4 26. Re1 hxg3 27. f3 Nxf3+ 28.
Bxf3 g2 29. Bxg2 Qh2+ 30. Kf2 Rf6+ 31. Ke2 Qxg2+ 32. Kd1 Bxe4 33. Rb8+ Kd7 34. Nxc5+ Ke7 35. Nxe4 Qf3+ 36. Kc1 Qf4+ 37. Kc2 Rxb8 38. Qxb8 Qxb8 39. Nxf6 Qh2+ 40. Kc3 Kxf6 41. Rf1+ Ke7 42. c5 Qe5+ 43. Kc4 Qd5+ 44. Kb4 Qxd3 45. Rc1 Qb5+ 46. Kc3 Qxc5+ 47.
Kb2 Qb5+ 48. Ka2 e5 49. Rc2 e4 50. a4 Qd5+ 51. Kb2 e3 52. Re2 Qd3 53. Rxe3+ Qxe3 54. Ka2 Qc3 55. a5 Qxa5+ 56. Kb1 Qd2 57. Ka1 Kd6 58. Kb1 Kc5 59. Ka1 Kb4 60. Kb1 Kb3 61. Ka1 Qa2# 0-1

[Event "*** SCC Grand Prix: Titled Tuesday Blitz"]
[Site "Chess.com"]
[Date "2020.08.25"]
[Round "9"]
[White "Gabrielian_Artur"]
[Black "Natalya_Buksa"]
[Result "0-1"]
[WhiteElo "2696"]
[BlackElo "2530"]
[TimeControl "180+1"]
[EndTime "11:48:44 PDT"]
[Termination "Natalya_Buksa won by resignation"]

1. e4 c5 2. Nc3 e6 3. Nge2 d5 4. d3 dxe4 5. dxe4 Nf6 6. Qxd8+ Kxd8 7. Bf4 a6 8. O-O-O+ Ke8 9. e5 Nfd7 10. Ng3 Nc6 11. Re1 b5 12. Bd3 Bb7 13. a3 Be7 14. Nh5 Kf8 15.
Be4 h6 16. h4 g6 17. Rd1 Rd8 18. Ng3 Kg7 19. Bf3 Ba8 20. Bxc6 Bxc6 21. Nce4 Nb6 22. Nd6 Bxg2 23. Rhg1 Bd5 24. Nh5+ Kf8 25. Nf6 Bxf6 26. exf6 Nc8 27. Nb7 Re8 28. Nxc5 Kg8 29. Rge1 Kh7 30.
Nd7 Rd8 31. Ne5 Nd6 32. b3 Rhf8 33. Re3 Ne8 34. Rc3 Nxf6 35. Rc7 Kg7 36. Rg1 Be4 37. Bd2 Bf5 38. Ra7 Rc8 39. c3 Ne4 40. Nd7 Nxd2 41. Nxf8 Nxb3+ 42. Kb2 Nc5 43. Nd7 Na4+ 44. Kb3 Rxc3+ 45.
Kb4 Rc4+ 46. Ka5 Rxh4 47. Ne5 Kf6 48. Nd7+ Ke7 49. Rc1 Nb2 50. Ne5+ Kd6 51. Nxf7+ Kd5 52. Rcc7 Nc4+ 53. Kxa6 Ke4 54. Kxb5 Rh3 55. Kxc4 Rh1 56. Nd6+ Ke5 57. Nxf5 gxf5 58. Kb4 h5 59. Rc5+ Kf6 60. Ka5 h4 61. Rb5 h3 62. Rb6 h2 63. Raa6 Re1 64.
Rxe6+ Rxe6 65. Rxe6+ Kxe6 66. Kb6 h1=Q 67. f3 Qxf3 68.
a4 Qb3+ 69. Ka5 Kd6 0-1

[Event "*** SCC Grand Prix: Titled Tuesday Blitz"]
[Site "Chess.com"]
[Date "2020.08.25"]
[Round "9"]
[White "TST2014"]
[Black "el-roedor"]
[Result "1/2-1/2"]
[WhiteElo "2500"]
[BlackElo "2611"]
[TimeControl "180+1"]
[EndTime "11:48:44 PDT"]
[Termination "Game drawn - insufficient material"]

1. d4 Nf6 2. c4 e6 3. Nf3 Bb4+ 4.
Bd2 Qe7 5. Nc3 O-O 6. e3 d6 7.
a3 Bxc3 8. Bxc3 Nbd7 9. Be2 e5 10. b4 b6 11. O-O Bb7 12. d5 Ne4 13. Bb2 f5 14. Nd2 Nxd2 15. Qxd2 f4 16. exf4 Rxf4 17.
g3 Rf7 18. Bg4 Nf8 19. Rae1 Bc8 20. Qd1 Bxg4 21. Qxg4 Qd7 22. Qxd7 Nxd7 23. f4 exf4 24. Rxf4 Rxf4 25. gxf4 Kf7 26. Kf2 g6 27. Kf3 a5 28.
b5 Nc5 29. Re3 Rd8 30. Bd4 Nd7 31. Kg4 Nf8 32. h4 Rd7 33. Kg5 Kg8 34. f5 gxf5 35. Rg3 f4 36. Kxf4+ Ng6+ 37. Kg5 Rf7 38.
h5 Nf4 39. Kh6+ Kf8 40. Bg7+ Ke8 41. Re3+ Kd7 42. Rf3 Ke8 43. a4 Nxh5 44. Re3+ Kd7 45. Bd4 Nf4 46. Rf3 Ke8 47. Re3+ Kd7 48. Rf3 Ke8 49.
Re3+ Kf8 50. Rf3 Ng6 51. Rxf7+ Kxf7 52. Kxh7 Nf4 53. Kh6 Nd3 54. Kg5 Ne1 55. Bf6 Nc2 56. Bd8 Na3 57. Bxc7 Nxc4 58. Kf5 Ke7 59. Ke4 Kd7 60.
Kd4 Nb2 61. Bxb6 Nxa4 62. Bxa5 Nc5 63. Kc4 Ne4 64. b6 Kc8 65. Bb4 Kb7 66. Kb5 Nf6 67. Bxd6 Nxd5 68. Bc5 Nxb6 1/2-1/2

[Event "*** SCC Grand Prix: Titled Tuesday Blitz"]
[Site "Chess.com"]
[Date "2020.08.25"]
[Round "9"]
[White "Ashedu66"]
[Black "Azoulas1"]
[Result "1-0"]
[WhiteElo "2197"]
[BlackElo "1969"]
[TimeControl "180+1"]
[EndTime "11:48:44 PDT"]
[Termination "Ashedu66 won on time"]

1. d4 e6 2. e4 d5 3. Nc3 Nf6 4. Bg5 dxe4 5. Nxe4 Be7 6. Bxf6 Bxf6 7. Nf3 Nd7 8. Bd3 b6 9. Qe2 Bb7 10. O-O O-O 11.
Rad1 Rc8 12. c3 Qe7 13. Ba6 Bxa6 14. Qxa6 Ra8 15. Rfe1 h6 16. h3 Rfe8 17. a3 c5 18. Ng3 cxd4 19. Nxd4 Nc5 20. Qb5 Qb7 21. Re2 Rac8 22.
Red2 Red8 23. Qe2 a6 24. Nh5 Bxd4 25. Rxd4 Rxd4 26. Rxd4 g6 27. Nf6+ Kg7 28. Qe5 Kf8 29. b4 Nb3 30. Rd7 Qc6 31. Nh7+ Kg8 32. Nf6+ Kf8 33.
Ra7 Qxc3 34. Nh7+ Kg8 35. Nf6+ Kf8 36. Nd7+ Kg8 37. Qxc3 Rxc3 38. Nxb6 Na1 39. Rxa6 Nc2 40. Nd7 Rxa3 41. Rxa3 Nxa3 42. f4 Kg7 43. Kf2 f6 44.
Ke2 Kf7 45. Kd3 Ke7 46. Nc5 Kd6 47. Ne4+ Ke7 48. Kd4 f5 49. Nc5 Kd6 50. Nd3 Nb5+ 51. Kc4 Na3+ 52. Kb3 Nb5 53. h4 Nd4+ 54. Kc4 Ne2 55. g3 Nxg3 56. b5 Ne4 57. b6 Kc6 58. Ne5+ Kxb6 59. Nxg6 Nf2 60. Kd4 Nh3 61. Ke5 Kc5 62.
Nf8 Kc6 63. Nxe6 h5 64. Kxf5 Kd5 65. Ng5 1-0

[Event "*** SCC Grand Prix: Titled Tuesday Blitz"]
[Site "Chess.com"]
[Date "2020.08.25"]
[Round "9"]
[White "Lion-Al-Messi"]
[Black "margarita_2703"]
[Result "1-0"]
[WhiteElo "2576"]
[BlackElo "2413"]
[TimeControl "180+1"]
[EndTime "11:48:45 PDT"]
[Termination "Lion-Al-Messi won on time"]

1. e4 Nf6 2. Nf3 Nxe4 3. d4 d5 4. Bd3 c5 5. O-O Nc6 6. c4 Nf6 7. cxd5 Nxd5 8. dxc5 e6 9. Bg5 Be7 10. Bxe7 Qxe7 11. Nbd2 Qxc5 12. Ne4 Qe7 13. Bc4 O-O 14. Bxd5 exd5 15. Qxd5 Rd8 16. Qc4 Be6 17. Qa4 a6 18.
Ng3 Rac8 19. Rfe1 Qf6 20. h3 Nd4 21. Nxd4 Rxd4 22. Qa3 Rcd8 23. Qe3 Rd3 24. Qb6 Qd4 25. Qxd4 R3xd4 26. Ne4 h6 27. Rac1 Bf5 28. Nc5 Rd2 29.
Nxb7 Rb8 30. Rc7 Rxb2 31. Ree7 Bg6 32. Nd6 Rf8 33. a4 Rb1+ 34. Kh2 Rd1 35. Nc4 Rd4 36.
Ne5 Rd6 37. a5 h5 38. h4 Kh7 39. Nxf7 Bxf7 40. Rxf7 Rxf7 41. Rxf7 Rd5 42. Kg3 Rxa5 43. Kf4 Ra4+ 44. Kg5 a5 45. Kxh5 Ra2 46. Kg4 a4 47.
Kg3 a3 48. Ra7 Kh6 49. Ra6+ g6 50. f4 Kg7 51. Ra7+ Kh6 52. Ra6 Kg7 53. Kh3 Rf2 54.
g3 a2 55. Kg4 Rg2 56. Kf3 Rb2 57. Kg4 Rg2 58. Ra5 Rb2 59. Kg5 Rg2 60. Ra7+ Kf8 61. Kf6 Ke8 62. Kxg6 Rxg3+ 63. Kf5 Rg2 64. h5 Rh2 65.
Kg6 1-0

[Event "*** SCC Grand Prix: Titled Tuesday Blitz"]
[Site "Chess.com"]
[Date "2020.08.25"]
[Round "9"]
[White "djano"]
[Black "chessplayer9919"]
[Result "0-1"]
[WhiteElo "2468"]
[BlackElo "2606"]
[TimeControl "180+1"]
[EndTime "11:48:45 PDT"]
[Termination "chessplayer9919 won on time"]

1. d4 Nf6 2. Nc3 d5 3. Bf4 a6 4. e3 c5 5. Nf3 Nc6 6. Be2 Bf5 7.
O-O e6 8. Ne5 Rc8 9. Bd3 Bxd3 10. Qxd3 Bd6 11. Nxc6 Rxc6 12. dxc5 Bxf4 13. exf4 Rxc5 14.
Ne2 O-O 15. c3 Qb6 16. Rab1 Ne4 17. Ng3 Nd6 18. Rfe1 Rc4 19. f5 Rf4 20. Qe3 Qxe3 21. fxe3 Ra4 22. fxe6 fxe6 23. a3 Ne4 24. Nxe4 Rxe4 25. Rbd1 a5 26. Rd4 Rxd4 27. exd4 Kf7 28. Kf2 a4 29. Rb1 Rc8 30. Ke3 Rc6 31. Kd3 Rb6 32.
Kc2 Ke7 33. Re1 Rc6 34. Re3 Rc8 35. Rg3 g6 36. Rh3 h5 37. Rg3 Kf6 38. Rf3+ Kg7 39. Re3 Rc6 40. Rf3 Rc7 41. Re3 Re7 42. b3 b5 43.
bxa4 bxa4 44. c4 dxc4 45. Kc3 Kf7 46. Kxc4 Rb7 47. Rf3+ Ke7 48. Rg3 Kf6 49. Rf3+ Kg5 50. Rg3+ Kf5 51. h4 Rb2 52. Rg5+ Kf6 53. Rg3 Rf2 54.
Kb4 Rf4 55. Kxa4 Rxd4+ 56. Kb5 e5 57. a4 e4 58. a5 Rd3 59. Rg5 e3 60. Rg3 Rd5+ 61.
Kc4 e2 62. Rf3+ Rf5 63. Re3 Re5 64. Rf3+ Ke6 0-1

[Event "*** SCC Grand Prix: Titled Tuesday Blitz"]
[Site "Chess.com"]
[Date "2020.08.25"]
[Round "9"]
[White "Chernobay_Artem"]
[Black "Kassimov_B"]
[Result "1/2-1/2"]
[WhiteElo "2571"]
[BlackElo "2448"]
[TimeControl "180+1"]
[EndTime "11:48:46 PDT"]
[Termination "Game drawn by stalemate"]

1. d4 Nf6 2. c4 b6 3. Nc3 Bb7 4. f3 Nc6 5. d5 Ne5 6. e4 e6 7.
f4 Ng6 8. Nf3 Bb4 9. Bd3 O-O 10.
O-O e5 11. f5 Nf4 12. Nxe5 Nxd3 13. Qxd3 d6 14. Nf3 Bxc3 15. bxc3 h6 16. Bf4 Re8 17. Rae1 Qd7 18. Qd4 c5 19. dxc6 Qxc6 20. Bxh6 Rxe4 21. Rxe4 Qxe4 22. Bg5 Qxf5 23. Bxf6 Qxf6 24.
Qxf6 gxf6 25. Nd4 Rc8 26. Nb5 Rxc4 27. Nxd6 Rc7 28. Rxf6 Bd5 29. Nb5 Re7 30. Nd4 Re1+ 31. Kf2 Ra1 32. g4 Rxa2+ 33. Kg3 Ra3 34. Nf5 Rxc3+ 35. Kf4 Be6 36. Nd4 Kg7 37. g5 Rc4 38.
Ke4 a5 39. h4 a4 40. Kd3 Rb4 41. h5 a3 42. Nxe6+ fxe6 43. h6+ Kh7 44. Rf7+ Kg6 45. Rg7+ Kf5 46. h7 Rh4 47. g6 a2 48.
Ra7 Kxg6 49. Rxa2 Rxh7 50. Ke4 Kf6 51. Rf2+ Ke7 52. Rb2 Rh4+ 53. Ke3 Kf6 54. Rxb6 Kf5 55. Rb5+ e5 56. Ke2 Ra4 57. Rb3 Ke4 58. Ke1 Ra2 59.
Kd1 Kd4 60. Ke1 e4 61. Rh3 Rc2 62. Kd1 Rf2 63. Ke1 Rf3 64. Rxf3 exf3 65. Kf2 Ke4 66. Kf1 Ke3 67. Ke1 Kf4 68. Kf2 Kg4 69. Kf1 Kg3 70. Kg1 f2+ 71. Kf1 Kf3 1/2-1/2

[Event "*** SCC Grand Prix: Titled Tuesday Blitz"]
[Site "Chess.com"]
[Date "2020.08.25"]
[Round "9"]
[White "ShimanovAlex"]
[Black "Fighter008"]
[Result "1-0"]
[WhiteElo "2779"]
[BlackElo "2690"]
[TimeControl "180+1"]
[EndTime "11:48:49 PDT"]
[Termination "ShimanovAlex won by resignation"]

1. d4 Nf6 2. Nf3 g6 3. Bf4 Bg7 4. Nbd2 d6 5. c3 O-O 6. e4 Nbd7 7. Be2 Nh5 8. Bg5 h6 9. Be3 e5 10. dxe5 dxe5 11. g3 f5 12. exf5 gxf5 13. Bc4+ Kh8 14.
Ng5 f4 15. Ne6 Qe8 16. Bc5 Nxc5 17. Nxc5 Bh3 18. Bd5 Rd8 19. Bf3 Nf6 20. Qe2 Bf5 21.
g4 Bc2 22. Nde4 Nxe4 23. Bxe4 Bxe4 24. Qxe4 Qb5 25. b4 f3 26. a4 Qe8 27. Rd1 Rf4 28. Qxb7 Rxd1+ 29. Kxd1 Qg6 30. Kc1 Rc4 31. Qc8+ Kh7 32.
Qf5 Rxc3+ 33. Kb2 Rc4 34. Kb3 Rxg4 35. Qxg6+ Kxg6 36. Ne6 Rg2 37. Rf1 e4 38. Kc4 Be5 39. Kd5 Bxh2 40. Kxe4 Rg4+ 41. Kxf3 Rxb4 42. Rc1 Rxa4 43.
Nxc7 Bxc7 44. Rxc7 a5 45. Rc6+ Kg5 46. Rc5+ Kh4 47.
Rc6 h5 48. Rc5 Ra3+ 49. Kg2 Ra4 50. Kf3 Ra3+ 51. Kg2 Ra4 52. Rb5 Kg4 53. Rc5 h4 54. Rd5 h3+ 55. Kh2 Ra2 56. Rd4+ Kf3 57. Kxh3 a4 58.
Rd3+ Kxf2 59. Rg3 a3 60. Rg2+ Kf3 61. Rxa2 1-0

[Event "*** SCC Grand Prix: Titled Tuesday Blitz"]
[Site "Chess.com"]
[Date "2020.08.25"]
[Round "9"]
[White "chesslh19"]
[Black "dpopadic"]
[Result "1/2-1/2"]
[WhiteElo "2215"]
[BlackElo "2351"]
[TimeControl "180+1"]
[EndTime "11:48:49 PDT"]
[Termination "Game drawn by repetition"]

1. e4 c5 2. Nf3 Nc6 3. d4 cxd4 4. Nxd4 Nf6 5. Nc3 e5 6. Ndb5 d6 7. Bg5 a6 8. Na3 b5 9. Bxf6 gxf6 10. Nd5 Bg7 11. c3 f5 12. exf5 Bxf5 13. Nc2 O-O 14. Nce3 Bd7 15. Bd3 f5 16. Qh5 e4 17. Bc2 Ne5 18.
O-O Ra7 19. Kh1 Be8 20. Qh3 Bd7 21. Qh5 Kh8 22. f4 exf3 23. gxf3 Qe8 24. Qxe8 Bxe8 25. Bxf5 Bc6 26. Be4 Raf7 27. Kg2 Bh6 28. Ng4 Bg7 29. Nxe5 Bxe5 30. Kh1 a5 31. Rg1 b4 32. Rad1 bxc3 33. bxc3 Ba4 34. Rd2 Bd7 35. c4 Be6 36.
Rdd1 Rb8 37. Rb1 Rfb7 38. Rxb7 Rxb7 39. Rb1 Rxb1+ 40. Bxb1 Kg7 41. Be4 h6 42. Kg2 a4 43.
Nb6 a3 44. Nd5 Bd7 45. h4 Ba4 46. Bb1 Bd7 47. h5 Bc8 48. f4 Bd4 49. Kf3 Ba6 50.
Bd3 Bc8 51. Ke2 Bd7 52. Kd2 Be8 53. Be2 Bf7 54. Kc2 Bc5 55. Kb3 Bxd5 56. cxd5 Kf6 57. Bd1 Kf5 58. Kc4 Kxf4 59. Bc2 Ke5 60. Bg6 Kf4 61.
Kb3 Ke3 62. Kc2 Kd4 63. Bf7 Ke5 64. Kb1 Kf5 65. Bg6+ Kg5 66. Bf7 Kf4 67. Bg6 Ke5 68.
Bf7 Kd4 69. Be6 Ke5 70. Bf7 1/2-1/2

[Event "*** SCC Grand Prix: Titled Tuesday Blitz"]
[Site "Chess.com"]
[Date "2020.08.25"]
[Round "9"]
[White "davidkalashian"]
[Black "maximnovik"]
[Result "0-1"]
[WhiteElo "2598"]
[BlackElo "2492"]
[TimeControl "180+1"]
[EndTime "11:48:52 PDT"]
[Termination "maximnovik won on time"]

1. e4 c6 2. d4 d5 3. Nc3 dxe4 4. Nxe4 Bf5 5. Ng3 Bg6 6. h4 h6 7. Nf3 e6 8. h5 Bh7 9. Bd3 Bxd3 10. Qxd3 Nf6 11.
Bf4 Bd6 12. Bxd6 Qxd6 13. O-O-O Nbd7 14. c4 O-O 15. Kb1 c5 16. Ne4 Nxe4 17. Qxe4 Nf6 18. Qe5 Qa6 19. g4 Nxg4 20. Qf4 f5 21. Ne5 Qd6 22. f3 Nxe5 23. dxe5 Qe7 24. Rhg1 Kh7 25. Rg6 Rad8 26. Rd6 Rxd6 27. exd6 Qf7 28. a3 Re8 29.
Qe5 f4 30. Ka2 Kg8 31. Rg4 Rf8 32. Rg6 Re8 33. Qxc5 e5 34. Qd5 Qxd5 35. cxd5 Kf7 36. Kb1 e4 37. fxe4 Rxe4 38. d7 Ke7 39. Rxg7+ Kd8 40.
Rf7 Re5 41. Rxf4 Rxd5 42. Rf7 Rxh5 43. Rh7 Rh2 44. Ka2 Rh3 45. Kb1 a5 46. Kc2 a4 47.
Kd2 b5 48. Kc2 h5 49. Kd2 h4 50. Kc2 Kc7 51. Kd2 Rb3 52. Kc2 h3 53. Kd2 Rxb2+ 54. Kc3 Rb3+ 55. Kd4 Rxa3 56. Kc5 Rb3 57. Kd5 a3 58. Ke6 Re3+ 59. Kd5 a2 60. d8=Q+ Kxd8 61. Kd6 Rd3+ 62. Kc6 a1=Q 63. Rf7 Ke8 64. Rc7 Qa6+ 0-1

[Event "*** SCC Grand Prix: Titled Tuesday Blitz"]
[Site "Chess.com"]
[Date "2020.08.25"]
[Round "9"]
[White "KuzubovYuriy"]
[Black "Parhamov"]
[Result "0-1"]
[WhiteElo "2859"]
[BlackElo "3016"]
[TimeControl "180+1"]
[EndTime "11:48:57 PDT"]
[Termination "Parhamov won on time"]

1. d4 Nf6 2. Nf3 g6 3. Nbd2 d5 4. e3 Bg7 5. b4 O-O 6. Be2 a5 7.
b5 c5 8. bxc6 Nxc6 9. O-O a4 10.
Rb1 Qc7 11. Ba3 Bf5 12. Nh4 Be6 13. Bd3 Rfb8 14. Nhf3 Bf5 15. Qe2 Bxd3 16. Qxd3 e5 17. Nxe5 Nxe5 18. dxe5 Qxe5 19. Nf3 Qc7 20. Bb2 Rc8 21.
Rfc1 Ne4 22. Bxg7 Kxg7 23. Nd4 Ra5 24. Nb5 Qc4 25. Qd4+ Kg8 26. a3 Qxd4 27. Nxd4 Rc7 28. h4 h5 29. Rb4 Nc3 30. Ra1 Rac5 31. f3 b5 32. Kf2 Kf8 33. Ke1 Ke7 34. Kd2 Kd7 35.
Rb2 Kc8 36. Rg1 Kb7 37. Kd3 Ka6 38. g4 hxg4 39. fxg4 Ne4 40. Ne2 Rc4 41. h5 Nf2+ 42. Kd2 Nxg4 43. hxg6 fxg6 44. Nd4 Ne5 45. Rf1 Rxd4+ 46. exd4 Nc4+ 47. Kc1 Nxb2 48. Kxb2 Rg7 49. Rf6+ Ka5 50. Rd6 g5 51. Rxd5 g4 52. Re5 g3 53.
Re1 Kb6 54. Kc3 g2 55. Rg1 Rg3+ 56. Kd2 Kc6 57. Ke2 Kd5 58. Kf2 Rxa3 59. Rxg2 Kxd4 60. Ke2 Kc3 61. Rg3+ Kb2 62. Rg5 b4 63. Rg4 Kc3 64. Rh4 Ra2 65. Kd1 Ra1+ 66. Ke2 a3 67. Rh8 Kxc2 68.
Rc8+ Kb2 69. Kd2 b3 70. Rc3 Rd1+ 0-1

[Event "*** SCC Grand Prix: Titled Tuesday Blitz"]
[Site "Chess.com"]
[Date "2020.08.25"]
[Round "9"]
[White "Panterov"]
[Black "The_Machine04"]
[Result "0-1"]
[WhiteElo "2009"]
[BlackElo "2285"]
[TimeControl "180+1"]
[EndTime "11:48:59 PDT"]
[Termination "The_Machine04 won on time"]

1. e4 d6 2. d4 Nf6 3. Bd3 e5 4. dxe5 dxe5 5. Nf3 Nbd7 6. O-O Be7 7. b3 O-O 8. Bb2 Bd6 9. Nbd2 Re8 10. Nc4 a6 11. a4 Qe7 12. Qd2 h6 13. Nxd6 cxd6 14.
Rad1 Nc5 15. Rfe1 Bg4 16. Qe3 Rac8 17. h3 Be6 18. Nh4 Nfxe4 19. Ng6 fxg6 20. Bxe4 Nxe4 21.
Qxe4 Kh7 22. c4 b5 23. Ba3 bxc4 24. Bxd6 Qf7 25. bxc4 Bxc4 26. Bxe5 Bb3 27. Ra1 Rc2 28. Qf4 Qxf4 29. Bxf4 Rxe1+ 30. Rxe1 Bxa4 31. Re7 Rc8 32. Ra7 Bb5 33. Be5 Rg8 34. g4 g5 35. Kh2 Kg6 36.
Kg3 h5 37. gxh5+ Kxh5 38. Bxg7 Rd8 39. Be5 Rd3+ 40. Kh2 Rf3 41. Bd4 Rf5 42. Kg3 Rd5 43. Be3 Bd3 44. Ra8 Kg6 45. Kg4 Bf5+ 46. Kf3 Bd3 47.
Rg8+ Kf6 48. Kg4 Be2+ 49. Kg3 a5 50. Ra8 Bd1 51. Ra6+ Kf5 52. h4 gxh4+ 53. Kxh4 a4 54. Kg3 Ke4 55. Ra8 Kd3 56. Kf4 Bb3 57. Kf3 Rd7 58.
Kf4 Rf7+ 59. Ke5 Kc2 60. Kd4 Kb1 61. Kc3 Rc7+ 62. Kb4 Rb7+ 63. Ka3 Bd1 64. Rh8 Rb3+ 65. Kxa4 Rb8+ 66. Ka3 Rxh8 67. f4 Rf8 68. f5 Rxf5 0-1